 Dungeon Crawl Stone Soup version 0.18.1-50-g88ac8fd (webtiles) character file.

2037 magog001 the Slinger (level 9, -2/55 HPs)
             Began as a Halfling Hunter on Sept 26, 2017.
             Slain by an orc wizard
             ... wielding a +1 dagger of electrocution
              (14 damage)
             ... on level 7 of the Dungeon on Sept 28, 2017.
             The game lasted 00:47:32 (6462 turns).

magog001 the Slinger (Halfling Hunter)              Turns: 6462, Time: 00:47:33

Health: -2/55      AC:  8    Str: 17    XL:     9   Next: 48%
Magic:  9/9        EV: 17    Int: 10    God:
Gold:   284        SH:  0    Dex: 17    Spells: 0 memorised, 8 levels left

rFire  + . .     SeeInvis .     x - +3 mace of the Fulmar {drain, Str+4}
rCold  . . .     Gourm    .     g - +2 leather armour {rF+}
rNeg   . . .     Faith    .     (shield restricted)
rPois  .         Spirit   .     (no helmet)
rElec  .         Dismiss  .     r - +1 cloak {MR+}
rCorr  .         Reflect  .     l - +0 pair of gloves
SustAt .         Harm     .     (no boots)
MR     +....                    (no amulet)
Stlth  +++.......               (no ring)
                                (no ring)

@: somewhat resistant to hostile enchantments, fairly stealthy
A: mutation resistance 1
a: no special abilities


You were on level 7 of the Dungeon.
You were not hungry.

You visited 1 branch of the dungeon, and saw 7 of its levels.

You collected 284 gold pieces.

Inventory:

Hand Weapons
 a - a +2 hunting sling
 b - a +0 short sword
 x - the +3 mace of the Fulmar (weapon) {drain, Str+4}
   (You found it on level 4 of the Dungeon)

   A truly terrible weapon, it drains the life of those it strikes.
   It affects your strength (+4).
Missiles
 e - 72 stones
 p - 15 poisoned needles
 y - 3 poisoned tomahawks (quivered)
Armour
 g - a +2 leather armour of fire resistance (worn)
 l - a +0 pair of gloves (worn)
 r - a +1 cloak of magic resistance (worn)
Jewellery
 v - an uncursed ring of flight {unknown}
Scrolls
 m - a scroll of remove curse
 o - 3 scrolls of teleportation
 q - a scroll of fog
 s - 2 scrolls of magic mapping
 t - 2 scrolls of immolation
 w - a scroll of enchant armour {unknown}
 B - 4 scrolls of identify
 C - a scroll of amnesia
Potions
 c - a potion of invisibility
 d - a potion of heal wounds
 h - a potion of curing
 i - a potion of haste
 k - a potion of brilliance
 u - a potion of might
 z - a potion of magic {unknown}
Comestibles
 f - 5 bread rations
 j - 8 fruits
 A - a meat ration
 D - 6 chunks of flesh


   Skills:
 + Level 2.6 Fighting
 * Level 1.5 Maces & Flails
 * Level 13.7 Slings
 + Level 1.8 Armour
 * Level 5.2 Dodging
 * Level 5.3 Stealth


You had 8 spell levels left.
You didn't know any spells.

Dungeon Overview and Level Annotations

Branches:
Dungeon (7/15)
 Temple: D:4-7

Altars:
Qazlal
Trog


Innate Abilities, Weirdness & Mutations

You are small and have problems with some larger weapons.
You are somewhat resistant to further mutation.


Message History

The orc wizard hits you with a dagger of electrocution.
You are electrocuted!
The orc warrior hits you but does no damage.
The orc wizard hits you with a dagger of electrocution.
You closely miss the orc wizard.
The orc wizard is severely wounded.
The orc wizard misses you. The orc warrior barely misses you.
The orc wizard hits you but does no damage.
You are electrocuted!
* * * LOW HITPOINT WARNING * * *
You barely miss the orc wizard.
The orc wizard is severely wounded.
The orc wizard hits you but does no damage.
The orc warrior misses you. The orc wizard completely misses you.
You miss the orc wizard.
The orc wizard is severely wounded.
The orc wizard barely misses you. The orc warrior misses you.
The orc wizard hits you but does no damage.
You are electrocuted!
You die...

...............##
...............#
...............#
###+###...##...#
#...##...#
+........#
#........#
#........#
#o@......#
.(..oo######+##
.._.( (.(( (.( ..
.


You could see an orc warrior and 2 orc wizards.

Vanquished Creatures
  Grinder (D:3)
  Sigmund (D:4)
  2 orc warriors
  3 phantoms (D:5)
  2 ogres (D:4)
  Dowan (D:4)
  5 wights (D:6)
  5 orc wizards
  Crazy Yiuf (D:4)
  3 orc priests
  A centaur skeleton (D:6)
  3 iguanas
  2 worker ants
  9 adders
  9 gnolls
  2 oozes (D:1)
  An adder skeleton (D:6)
  5 dart slugs
  4 giant geckos
  22 orcs
  A ball python (D:2)
  7 bats
  6 giant cockroaches
  5 goblins
  6 hobgoblins
  21 jackals
  5 kobolds
  4 quokkas
  4 giant newts
  5 rats
146 creatures vanquished.

Vanquished Creatures (others)
  Duvessa (D:4)
  A hound skeleton (D:4)
  A quokka (D:4)
3 creatures vanquished.

Grand Total: 149 creatures vanquished

Notes
Turn   | Place    | Note
--------------------------------------------------------------
     0 | D:1      | magog001 the Halfling Hunter began the quest for the Orb.
     0 | D:1      | Reached XP level 1. HP: 14/14 MP: 1/1
   183 | D:1      | Reached skill level 6 in Slings
   206 | D:1      | Reached XP level 2. HP: 15/19 MP: 2/2
   425 | D:1      | Reached XP level 3. HP: 24/24 MP: 3/3
   676 | D:1      | Reached skill level 7 in Slings
   941 | D:1      | Reached XP level 4. HP: 13/29 MP: 4/4
  1345 | D:2      | Reached XP level 5. HP: 22/34 MP: 5/5
  1514 | D:2      | Reached skill level 8 in Slings
  2000 | D:3      | Reached XP level 6. HP: 39/39 MP: 6/6
  2335 | D:3      | Noticed Grinder
  2343 | D:3      | Paralysed by Grinder for 4 turns
  2362 | D:3      | Killed Grinder
  2362 | D:3      | Reached skill level 9 in Slings
  2362 | D:3      | Reached XP level 7. HP: 26/45 MP: 7/7
  2792 | D:4      | Reached skill level 10 in Slings
  3186 | D:4      | Noticed Sigmund
  3211 | D:4      | Killed Sigmund
  3211 | D:4      | Reached skill level 1 in Armour
  3275 | D:4      | Noticed Crazy Yiuf
  3281 | D:4      | Killed Crazy Yiuf
  3281 | D:4      | Reached skill level 11 in Slings
  3301 | D:4      | Got a steaming mace
  3302 | D:4      | Identified the cursed +3 mace of the Fulmar {drain, Str+4} (You found it on level 4 of the Dungeon)
  3328 | D:4      | Reached XP level 8. HP: 50/50 MP: 8/8
  3617 | D:4      | Noticed Duvessa
  3618 | D:4      | Noticed Dowan
  3655 | D:4      | Killed Duvessa
  3660 | D:4      | Killed Dowan
  3967 | D:4      | Reached skill level 12 in Slings
  4092 | D:5      | Entered Level 5 of the Dungeon
  4349 | D:5      | Reached skill level 1 in Maces & Flails
  4667 | D:5      | Reached XP level 9. HP: 52/54 MP: 9/9
  4775 | D:5      | Found a stormy altar of Qazlal.
  5214 | D:6      | Reached skill level 13 in Slings
  5660 | D:6      | Reached skill level 5 in Stealth
  5673 | D:6      | Reached skill level 5 in Dodging
  6437 | D:7      | Found a bloodstained altar of Trog.
  6462 | D:7      | Slain by an orc wizard

Skill      XL: |  1  2  3  4  5  6  7  8  9 |
---------------+----------------------------+-----
Slings         | 6 7 8 9 11 12 13 | 13.7
Fighting       | 2 |  2.6
Stealth        | 2 3 4 5 |  5.3
Dodging        | 3 4 5 |  5.2
Armour         | 1 |  1.8
Maces & Flails | 1 |  1.5

Action                   |  1- 3 |  4- 6 |  7- 9 || total
-------------------------+-------+-------+-------++-------
Melee: Mace              |       |       |    88 ||    88
 Fire: Hunting sling     |    66 |   160 |   330 ||   556
  Use: Potion            |       |     2 |     5 ||     7
       Scroll            |       |       |    15 ||    15
  Eat: Chunk             |       |     3 |     3 ||     6
       Pizza             |       |     1 |       ||     1
       Meat ration       |       |       |     2 ||     2
Armor: Leather armour    |     1 |    17 |    29 ||    47
Dodge: Dodged            |    11 |    54 |   125 ||   190
